 Dungeon Crawl Stone Soup version 0.23-a0-49-gd9f7a49 (webtiles) character file.

179 galech the Chopper (level 5, -2/47 HPs)
             Began as a Minotaur Fighter on Aug 6, 2018.
             Slain by Grinder (4 damage)
             ... on level 3 of the Dungeon.
             The game lasted 00:02:23 (1662 turns).

galech the Chopper (Minotaur Fighter)               Turns: 1662, Time: 00:02:24

Health: -2/47      AC:  7    Str: 20    XL:     5   Next: 32%
Magic:  4/4        EV:  8    Int:  5    God:
Gold:   121        SH:  9    Dex: 11    Spells: 4/4 levels left

rFire    . . .     SeeInvis .   k - -2 hand axe (curse)
rCold    . . .     Gourm    .   c - +0 shield
rNeg     . . .     Faith    .   b - +0 scale mail
rPois    .         Spirit   .   (helmet restricted)
rElec    .         Reflect  .   (no cloak)
rCorr    .         Harm     .   (no gloves)
MR       .....                  (no boots)
Stlth    ..........             (no amulet)
HPRegen  0.15/turn              (no ring)
MPRegen  0.09/turn              (no ring)

@: no status effects
A: retaliatory headbutt, horns 2
a: no special abilities


You were on level 3 of the Dungeon.
You were not hungry.

You visited 1 branch of the dungeon, and saw 3 of its levels.

You collected 121 gold pieces.

Inventory:

Hand Weapons
 a - a +0 war axe
 k - a cursed -2 hand axe (weapon)
Armour
 b - a +0 scale mail (worn)
 c - a +0 shield (worn)
Scrolls
 e - 3 scrolls of magic mapping
 h - 2 scrolls of identify
 n - 2 scrolls of remove curse {unknown}
 o - 3 scrolls of enchant armour {unknown}
Potions
 d - a potion of might
 i - a potion of lignification
 j - a potion of heal wounds
 l - a potion of curing {unknown}
 m - a potion of degeneration {unknown}
Comestibles
 f - 7 rations
 g - 2 chunks of flesh


   Skills:
 + Level 4.5 Fighting
 + Level 4.6 Axes
 + Level 4.3 Armour
 + Level 1.1 Dodging
 + Level 4.6 Shields


You had 4 spell levels left.
You didn't know any spells.
Your spell library contained the following spells:

 Spells                   Type           Power        Failure   Level  Hunger
 Spider Form              Tmut/Pois      #.........   100%        3    ####...
 Blade Hands              Tmut           #.........   100%        5    ######.
 Ice Form                 Ice/Tmut       #.......     100%        4    #####..
 Sticks to Snakes         Tmut           #.......     100%        2    ###....
 Beastly Appendage        Tmut           #.....       99%         1    ##.....


Dungeon Overview and Level Annotations

Branches:
Dungeon (3/15)

Altars:
Ru

Annotations:
D:3 2 transporters, Grinder; torrenera's ghost, amateur GnFE


Innate Abilities, Weirdness & Mutations

You reflexively headbutt those who attack you in melee.
You have a pair of horns on your head.


Message History

You completely miss Grinder.
Grinder is lightly wounded.
Grinder gestures at you.
You barely resist. You block Grinder's attack.
Your shield prevents you from hitting Grinder.
Grinder is lightly wounded.
Grinder hits you.
* * * LOW HITPOINT WARNING * * *
You closely miss Grinder. Your headbutt misses Grinder.
Grinder is lightly wounded.
Grinder says, "I used to sell toenails on the black market."
Grinder gestures at you. You resist with significant effort.
You hit Grinder.
Grinder is lightly wounded.
Grinder barely misses you. You furiously retaliate!
You headbutt Grinder. You hit Grinder.
Grinder is moderately wounded.
Grinder hits you.
You die...

#.# #.# ####
..#####.####.## #...
#.............# #.##
#.#####.####..# #.# #.#
#.# #..# ###.#
#.#####.####..######.#รท##
#.#......................
#.#.###.####..####.......
#.#.# #.@5...........#.##
#######.#.#
######..########...
..........# ##.# ####
######.###########.#
#..)).........#####
#...).)....5........
#..).))..........!.>
#.##.#######..#####.
#.##.# #..#


You could see Grinder.

Vanquished Creatures
  A howler monkey (D:2)
  An orc priest (D:3)
  3 gnolls (D:3)
  A worm (D:2)
  2 dart slugs (D:2)
  3 leopard geckos (D:1)
  8 orcs (D:3)
  4 bats (D:1)
  3 giant cockroaches
  8 hobgoblins
  A ball python (D:1)
  8 frilled lizards
  8 goblins
  9 kobolds
  10 rats
70 creatures vanquished.

Notes
Turn   | Place    | Note
-------+----------+-------------------------------------------
     0 | D:1      | galech the Minotaur Fighter began the quest for the Orb.
     0 | D:1      | Reached XP level 1. HP: 19/19 MP: 0/0
    51 | D:1      | Reached XP level 2. HP: 18/27 MP: 1/1
   261 | D:1      | Reached XP level 3. HP: 33/33 MP: 2/2
   623 | D:2      | Found a sacrificial altar of Ru.
   635 | D:2      | Reached XP level 4. HP: 40/41 MP: 3/3
  1263 | D:3      | Noticed torrenera's ghost (amateur GnFE)
  1267 | D:3      | Found a transporter.
  1313 | D:3      | Found a transporter.
  1404 | D:3      | Reached skill level 1 in Dodging
  1405 | D:3      | Reached XP level 5. HP: 16/47 MP: 4/4
  1636 | D:3      | Noticed Grinder
  1649 | D:3      | Paralysed by Grinder for 6 turns
  1659 | D:3      | HP: 2/47 [Grinder (3)]
  1662 | D:3      | Slain by Grinder

Vault maps used:
D:1:      lightli_molten_gateway, minmay_split_cup_large
D:2:      hangedman_ru_absence, grunt_ministairs_13
D:3:      minitemple, gammafunk_ghost_stat_death, uniq_ijyb, uniq_grinder

Skill      XL: |  1  2  3  4 |
---------------+-------------+-----
Fighting       | 4 |  4.5
Armour         | 4 |  4.3
Shields        | 4 |  4.6
Axes           | 3 4 |  4.6
Dodging        | 1 |  1.1

Action                   |  1- 3 |  4- 6 || total
-------------------------+-------+-------++-------
Melee: War axe           |    72 |    47 ||   119
       Headbutt          |     7 |    14 ||    21
       Hand axe          |       |    46 ||    46
  Use: Scroll            |       |     3 ||     3
  Eat: Chunk             |       |     3 ||     3
Armor: Scale mail        |    38 |    25 ||    63
Dodge: Dodged            |    21 |    21 ||    42
Block: Shield            |    45 |    38 ||    83

Table legend:
 A = Spawn XP
 B = Non-spawn XP
 C = Spawn XP percentage of total XP
 D = Spawn monster count
 E = Non-spawn monster count
 F = Spawn count percentage of total count
 G = Total turns spent on level
                    A         B        C        D         E        F      G
               +---------+---------+-------+---------+---------+-------+---------
         Total |       0 |     256 |   0.0 |       0 |      70 |   0.0 |  1662
               +---------+---------+-------+---------+---------+-------+---------
           D:1 |       0 |      50 |   0.0 |       0 |      33 |   0.0 |   532
           D:2 |       0 |      89 |   0.0 |       0 |      21 |   0.0 |   692
           D:3 |       0 |     117 |   0.0 |       0 |      16 |   0.0 |   438
               +---------+---------+-------+---------+---------+-------+---------
